[ AOE2 MATCH · #478414494 ]
UnrankedPortuguese vs Teutons
[ REPLAY ANALYSIS · EXTRACTED FROM THE RECORDED GAME ]
Feudal
12:50
Castle
19:25
Imperial
—
| APM avg | 23.7 |
| APM peak | 55 |
| eAPM avg | 11.4 |
| Villagers / military | 122 / 96 |
Focus
⚔️ 22.0% · 🌾 78.0%
Archer ×87 · Mangonel ×4 · Scorpion ×2 · Skirmisher ×2 · Battering Ram ×1
Feudal
9:27
Castle
19:18
Imperial
35:57
| APM avg | 52.3 |
| APM peak | 143 |
| eAPM avg | 24.0 |
| Villagers / military | 146 / 89 |
Focus
⚔️ 25.7% · 🌾 74.3%
Teutonic Knight ×43 · Knight ×23 · Scout Cavalry ×11 · Bombard Cannon ×6 · Battering Ram ×4 · Trebuchet (Packed) ×2
Feudal
11:10
Castle
21:51
Imperial
—
| APM avg | 29.2 |
| APM peak | 67 |
| eAPM avg | 18.3 |
| Villagers / military | 120 / 80 |
Focus
⚔️ 21.6% · 🌾 78.4%
Huskarl ×43 · Militia ×15 · Knight ×13 · Spearman ×5 · Scout Cavalry ×4
Feudal
9:00
Castle
23:20
Imperial
35:49
| APM avg | 45.1 |
| APM peak | 96 |
| eAPM avg | 20.2 |
| Villagers / military | 144 / 148 |
Focus
⚔️ 42.3% · 🌾 57.7%
Archer ×81 · Hand Cannoneer ×50 · Genoese Crossbowman ×12 · Trebuchet (Packed) ×3 · Spearman ×1 · Cavalry Archer ×1
Feudal
9:31
Castle
23:01
Imperial
39:34
| APM avg | 24.0 |
| APM peak | 59 |
| eAPM avg | 13.9 |
| Villagers / military | 76 / 1 |
Focus
⚔️ 16.0% · 🌾 84.0%
Unknown (1908) ×14 · Trebuchet (Packed) ×1
Feudal
9:55
Castle
21:49
Imperial
37:37
| APM avg | 34.7 |
| APM peak | 78 |
| eAPM avg | 15.1 |
| Villagers / military | 83 / 88 |
Focus
⚔️ 35.1% · 🌾 64.9%
Archer ×79 · Mangonel ×6 · Battering Ram ×2 · Spearman ×1
Feudal
11:17
Castle
15:10
Imperial
31:31
| APM avg | 47.7 |
| APM peak | 94 |
| eAPM avg | 25.1 |
| Villagers / military | 144 / 211 |
Focus
⚔️ 37.0% · 🌾 63.0%
Jaguar Warrior ×95 · Eagle Scout ×71 · Spearman ×23 · Monk ×21 · Trebuchet (Packed) ×1
Feudal
11:17
Castle
15:12
Imperial
29:01
| APM avg | 46.1 |
| APM peak | 78 |
| eAPM avg | 22.3 |
| Villagers / military | 126 / 197 |
Focus
⚔️ 34.4% · 🌾 65.6%
Militia ×164 · Scorpion ×14 · Battering Ram ×12 · Centurion ×5 · Monk ×2
Match map
Initial resources + every placement click. Lines = walls · curves = elevation contours. ◆ gold · ⬟ stone · ● berries · ✦ relic · ◌ wall gap
Your base· ✓ Closed at 19:25 · 19t walls · 4 gate(s)
JessePinkman's base· Open — unwalled flank
Big Lez's base· ✓ Closed at 21:51 · 0t walls · 3 gate(s)
WalterWhite's base· Open — 5t gap
lobo's base· ✓ Closed at 23:01 · 64t walls · 6 gate(s)
Visbot2187's base· ✓ Closed at 21:49 · 0t walls · 2 gate(s)
后入显风格's base· ✓ Closed at 15:10 · 10t walls · 2 gate(s)
Igalima's base· Open — unwalled flank
Smoothed initial terrain · ◌ = detected wall gap · hover for details
Inputs per minute
— Basara - - JessePinkman
Build order — Basara
First 150 of 220 actions detected
| 0:03 | Build | House |
| 0:04 | Build | House |
| 0:06 | Create | Villager (Male) ×4 |
| 0:07 | Create | Villager (Male) ×4 |
| 1:30 | Create | Villager (Male) |
| 1:31 | Create | Villager (Male) |
| 2:04 | Create | Villager (Male) |
| 2:04 | Create | Villager (Male) |
| 2:25 | Build | Lumber Camp |
| 2:28 | Create | Villager (Male) |
| 2:29 | Create | Villager (Male) |
| 2:57 | Create | Villager (Male) |
| 3:11 | Create | Villager (Male) |
| 3:12 | Create | Villager (Male) |
| 3:40 | Create | Villager (Male) |
| 3:40 | Create | Villager (Male) |
| 3:55 | Build | House |
| 4:01 | Create | Villager (Male) |
| 4:01 | Create | Villager (Male) |
| 4:36 | Create | Villager (Male) |
| 4:46 | Build | House |
| 5:01 | Build | House |
| 5:14 | Create | Villager (Male) |
| 5:15 | Create | Villager (Male) |
| 5:31 | Build | Palisade Wall |
| 5:37 | Build | Palisade Wall |
| 5:44 | Create | Villager (Male) ×2 |
| 5:44 | Create | Villager (Male) ×2 |
| 6:09 | Build | Barracks |
| 6:40 | Create | Villager (Male) ×3 |
| 6:40 | Create | Villager (Male) ×3 |
| 6:50 | Build | Palisade Wall |
| 7:41 | Create | Villager (Male) |
| 7:41 | Create | Villager (Male) |
| 7:55 | Build | Mining Camp |
| 8:08 | Create | Villager (Male) |
| 8:09 | Create | Villager (Male) |
| 9:02 | Research | Loom |
| 9:08 | Create | Villager (Male) |
| 9:18 | Build | Mill |
| 9:33 | Create | Villager (Male) |
| 9:57 | Build | Farm |
| 9:58 | Build | Farm |
| 10:01 | Research | Loom |
| 10:38 | Build | Farm |
| 10:40 | Research | Feudal Age |
| 10:51 | Build | Palisade Gate |
| 11:45 | Build | House |
| 11:51 | Build | House |
| 11:52 | Build | House |
| 11:55 | Create | Villager (Male) |
| 11:55 | Create | Villager (Male) |
| 12:49 | Build | Farm |
| 12:50 | Build | Farm |
| 12:50 | Age | Feudal Age |
| 12:51 | Build | Farm |
| 12:58 | Build | Archery Range |
| 13:06 | Build | Blacksmith |
| 13:26 | Build | House |
| 13:28 | Create | Villager (Male) |
| 13:55 | Create | Archer |
| 13:55 | Create | Archer |
| 14:01 | Create | Villager (Male) |
| 14:14 | Research | Fletching |
| 14:19 | Build | House |
| 14:21 | Build | House |
| 14:23 | Build | House |
| 14:31 | Build | Palisade Gate |
| 14:34 | Create | Villager (Male) |
| 14:41 | Build | Farm |
| 14:45 | Create | Villager (Male) |
| 15:01 | Build | Farm |
| 15:01 | Build | Farm |
| 15:20 | Build | Farm |
| 15:22 | Create | Villager (Male) |
| 15:46 | Create | Villager (Male) |
| 15:51 | Build | Archery Range |
| 16:24 | Create | Archer |
| 16:25 | Create | Archer |
| 16:25 | Create | Archer |
| 16:45 | Research | Castle Age |
| 16:46 | Research | Castle Age |
| 17:01 | Research | Double-Bit Axe |
| 17:22 | Create | Skirmisher |
| 17:22 | Create | Skirmisher |
| 17:28 | Build | House |
| 17:32 | Create | Archer ×5 |
| 17:32 | Create | Archer ×5 |
| 18:28 | Create | Archer ×4 |
| 18:34 | Research | Padded Archer Armor |
| 18:39 | Research | Horse Collar |
| 18:41 | Research | Gold Mining |
| 18:53 | Create | Villager (Male) |
| 18:53 | Create | Villager (Male) |
| 19:25 | Age | Castle Age |
| 19:26 | Research | Crossbowman (upgrade) |
| 19:26 | Research | Crossbowman (upgrade) |
| 19:37 | Create | Archer ×5 |
| 20:01 | Create | Villager (Male) |
| 20:07 | Build | University |
| 20:20 | Research | Bodkin Arrow |
| 20:26 | Create | Villager (Male) |
| 20:26 | Create | Villager (Male) |
| 21:03 | Create | Villager (Male) |
| 21:03 | Create | Villager (Male) |
| 21:03 | Create | Villager (Male) |
| 21:31 | Build | Siege Workshop |
| 21:35 | Build | House |
| 21:36 | Build | House |
| 21:57 | Build | Town Center |
| 22:02 | Create | Villager (Male) |
| 22:05 | Research | Bow Saw |
| 22:18 | Create | Archer ×5 |
| 22:19 | Create | Archer ×5 |
| 22:19 | Create | Archer ×5 |
| 22:26 | Create | Villager (Male) |
| 22:59 | Create | Scorpion |
| 23:27 | Create | Archer ×5 |
| 23:28 | Create | Archer ×5 |
| 23:29 | Create | Villager (Male) |
| 23:30 | Create | Villager (Male) |
| 23:41 | Create | Scorpion |
| 23:56 | Create | Battering Ram |
| 24:15 | Research | Ballistics |
| 24:18 | Create | Villager (Male) ×4 |
| 24:30 | Create | Archer ×3 |
| 25:03 | Create | Mangonel |
| 25:16 | Create | Archer |
| 25:16 | Create | Archer |
| 26:25 | Create | Villager (Male) ×5 |
| 26:25 | Create | Villager (Male) ×5 |
| 26:29 | Create | Archer ×5 |
| 26:29 | Create | Archer ×5 |
| 26:29 | Create | Archer ×3 |
| 26:39 | Build | Farm |
| 26:39 | Build | Farm |
| 26:39 | Build | Farm |
| 26:39 | Build | Farm |
| 26:40 | Build | Farm |
| 26:40 | Build | Farm |
| 26:40 | Build | Farm |
| 26:41 | Build | Farm |
| 26:42 | Build | Farm |
| 26:56 | Create | Villager (Male) |
| 26:56 | Create | Villager (Male) |
| 27:14 | Create | Mangonel |
| 27:24 | Build | Town Center |
| 27:58 | Create | Mangonel |
| 28:00 | Create | Villager (Male) |
| 28:00 | Create | Villager (Male) |
Build order — JessePinkman
First 150 of 436 actions detected
| 0:01 | Create | Villager (Male) |
| 0:02 | Create | Villager (Male) |
| 0:02 | Create | Villager (Male) |
| 0:02 | Create | Villager (Male) |
| 0:04 | Build | House |
| 0:06 | Build | House |
| 1:32 | Create | Villager (Male) |
| 1:32 | Create | Villager (Male) |
| 2:01 | Create | Villager (Male) |
| 2:01 | Create | Villager (Male) |
| 2:26 | Create | Villager (Male) |
| 2:27 | Create | Villager (Male) |
| 2:47 | Create | Villager (Male) |
| 2:47 | Create | Villager (Male) |
| 3:14 | Create | Villager (Male) |
| 3:14 | Create | Villager (Male) |
| 3:40 | Create | Villager (Male) |
| 3:48 | Create | Villager (Male) |
| 3:49 | Create | Villager (Male) |
| 3:56 | Build | Lumber Camp |
| 4:34 | Create | Villager (Male) |
| 4:40 | Research | Loom |
| 4:47 | Build | House |
| 4:59 | Create | Villager (Male) |
| 5:16 | Build | Mill |
| 5:21 | Build | House |
| 5:37 | Create | Villager (Male) |
| 5:38 | Create | Villager (Male) |
| 5:38 | Create | Villager (Male) |
| 5:38 | Create | Villager (Male) |
| 5:39 | Create | Villager (Male) |
| 5:39 | Create | Villager (Male) |
| 7:14 | Research | Feudal Age |
| 8:25 | Build | Barracks |
| 9:27 | Age | Feudal Age |
| 9:31 | Build | Stable |
| 9:33 | Create | Villager (Male) |
| 9:35 | Build | Mill |
| 9:59 | Create | Villager (Male) |
| 10:14 | Create | Villager (Male) |
| 10:21 | Build | Farm |
| 10:22 | Build | Farm |
| 10:30 | Create | Scout Cavalry |
| 10:31 | Create | Scout Cavalry |
| 10:31 | Create | Scout Cavalry |
| 10:36 | Build | Farm |
| 10:46 | Create | Villager (Male) |
| 10:48 | Build | House |
| 10:54 | Build | Farm |
| 10:56 | Build | Farm |
| 10:58 | Research | Double-Bit Axe |
| 10:58 | Research | Double-Bit Axe |
| 11:05 | Build | House |
| 11:19 | Create | Villager (Male) |
| 11:34 | Create | Villager (Male) |
| 11:47 | Build | Farm |
| 12:13 | Create | Villager (Male) |
| 12:18 | Create | Villager (Male) |
| 12:29 | Create | Scout Cavalry |
| 12:30 | Create | Scout Cavalry |
| 12:32 | Create | Villager (Male) |
| 12:36 | Build | Farm |
| 12:37 | Build | Farm |
| 12:38 | Build | Farm |
| 12:54 | Build | Farm |
| 13:04 | Build | House |
| 13:13 | Build | Farm |
| 13:22 | Create | Villager (Male) |
| 13:40 | Create | Scout Cavalry |
| 13:44 | Build | Farm |
| 13:47 | Create | Villager (Male) |
| 13:51 | Build | Farm |
| 14:23 | Create | Villager (Male) |
| 14:26 | Build | Mining Camp |
| 14:38 | Create | Villager (Male) |
| 14:43 | Build | House |
| 14:45 | Create | Villager (Male) |
| 14:48 | Build | Market |
| 15:23 | Create | Villager (Male) |
| 15:38 | Build | Farm |
| 15:39 | Build | Farm |
| 15:54 | Create | Scout Cavalry |
| 16:20 | Create | Villager (Male) |
| 16:38 | Research | Castle Age |
| 16:48 | Create | Scout Cavalry |
| 16:59 | Build | Stable |
| 17:05 | Create | Scout Cavalry |
| 17:07 | Create | Villager (Male) |
| 17:10 | Research | Horse Collar |
| 17:10 | Research | Horse Collar |
| 17:54 | Research | Bloodlines |
| 17:54 | Research | Bloodlines |
| 18:23 | Create | Scout Cavalry |
| 18:23 | Create | Scout Cavalry |
| 18:45 | Build | Farm |
| 18:45 | Build | Farm |
| 18:46 | Build | Farm |
| 18:46 | Build | Farm |
| 18:46 | Build | Farm |
| 19:18 | Age | Castle Age |
| 19:21 | Create | Knight |
| 19:21 | Create | Knight |
| 19:22 | Create | Knight |
| 19:27 | Build | House |
| 19:58 | Create | Villager (Male) |
| 19:59 | Create | Villager (Male) |
| 20:00 | Research | Bow Saw |
| 20:00 | Research | Bow Saw |
| 20:04 | Build | Town Center |
| 20:28 | Create | Knight |
| 20:28 | Create | Knight |
| 20:31 | Build | House |
| 20:37 | Build | House |
| 20:54 | Create | Knight |
| 20:54 | Create | Knight |
| 21:04 | Build | House |
| 21:06 | Create | Villager (Male) |
| 21:07 | Create | Villager (Male) |
| 21:22 | Build | House |
| 21:23 | Build | Farm |
| 21:24 | Create | Villager (Male) |
| 21:26 | Create | Villager (Male) |
| 21:44 | Create | Villager (Male) |
| 22:00 | Create | Villager (Male) |
| 22:07 | Create | Knight |
| 22:07 | Create | Knight |
| 22:09 | Create | Villager (Male) |
| 22:11 | Build | Farm |
| 22:12 | Build | Farm |
| 22:13 | Build | Farm |
| 22:13 | Build | Farm |
| 22:13 | Build | Farm |
| 22:15 | Research | Heavy Plow |
| 22:15 | Research | Heavy Plow |
| 22:44 | Create | Knight |
| 22:44 | Create | Knight |
| 22:44 | Create | Knight |
| 22:47 | Create | Villager (Male) |
| 22:55 | Build | Town Center |
| 23:09 | Create | Knight |
| 23:09 | Create | Knight |
| 23:16 | Create | Villager (Male) |
| 23:16 | Create | Villager (Male) |
| 23:20 | Build | Farm |
| 23:45 | Create | Knight |
| 23:45 | Create | Knight |
| 23:46 | Create | Villager (Male) |
| 23:46 | Create | Villager (Male) |
| 23:48 | Create | Villager (Male) |
| 23:57 | Create | Villager (Male) |
Build order — Big Lez
First 150 of 311 actions detected
| 0:01 | Create | Villager (Male) |
| 0:01 | Create | Villager (Male) |
| 0:02 | Create | Villager (Male) |
| 0:02 | Create | Villager (Male) |
| 0:03 | Build | House |
| 0:26 | Build | House |
| 1:34 | Create | Villager (Male) |
| 1:48 | Build | Lumber Camp |
| 2:20 | Create | Villager (Male) |
| 2:21 | Create | Villager (Male) |
| 3:03 | Create | Villager (Male) |
| 3:22 | Build | House |
| 3:24 | Build | House |
| 3:28 | Create | Villager (Male) |
| 3:41 | Create | Villager (Male) |
| 4:24 | Create | Villager (Male) |
| 4:25 | Create | Villager (Male) |
| 4:31 | Build | Mill |
| 5:04 | Create | Villager (Male) |
| 5:05 | Create | Villager (Male) |
| 5:48 | Create | Villager (Male) |
| 6:02 | Create | Villager (Male) |
| 6:03 | Create | Villager (Male) |
| 6:36 | Build | House |
| 6:37 | Build | House |
| 6:49 | Create | Villager (Male) |
| 6:49 | Create | Villager (Male) |
| 7:35 | Build | Barracks |
| 7:41 | Create | Villager (Male) |
| 7:41 | Create | Villager (Male) |
| 8:08 | Build | Mill |
| 8:51 | Research | Loom |
| 8:52 | Research | Feudal Age |
| 8:58 | Build | Mining Camp |
| 9:23 | Create | Militia |
| 9:24 | Create | Militia |
| 10:04 | Create | Villager (Male) |
| 10:04 | Create | Villager (Male) |
| 10:11 | Create | Militia |
| 10:31 | Create | Militia |
| 11:10 | Age | Feudal Age |
| 11:15 | Research | Man-at-Arms (upgrade) |
| 11:17 | Create | Villager (Male) |
| 11:28 | Build | Barracks |
| 11:33 | Research | Double-Bit Axe |
| 11:34 | Research | Gold Mining |
| 11:36 | Research | Horse Collar |
| 12:14 | Create | Villager (Male) |
| 12:15 | Create | Villager (Male) |
| 12:19 | Build | Farm |
| 12:25 | Build | Farm |
| 12:28 | Build | Farm |
| 12:30 | Build | House |
| 12:33 | Build | House |
| 12:33 | Build | House |
| 12:37 | Create | Villager (Male) |
| 13:29 | Create | Villager (Male) |
| 13:31 | Build | Farm |
| 13:33 | Build | Farm |
| 13:35 | Build | Farm |
| 13:38 | Build | Farm |
| 13:44 | Create | Villager (Male) |
| 14:03 | Build | Mining Camp |
| 14:07 | Create | Villager (Male) |
| 14:43 | Create | Villager (Male) |
| 14:45 | Build | Farm |
| 14:48 | Build | Farm |
| 14:52 | Build | Farm |
| 14:58 | Build | Farm |
| 15:04 | Create | Villager (Male) |
| 15:42 | Build | Archery Range |
| 15:46 | Create | Villager (Male) |
| 15:50 | Build | Farm |
| 15:57 | Build | Farm |
| 16:10 | Build | Farm |
| 16:20 | Create | Militia |
| 16:20 | Create | Militia |
| 16:34 | Create | Militia |
| 16:34 | Create | Militia |
| 16:37 | Create | Villager (Male) |
| 16:37 | Create | Villager (Male) |
| 16:44 | Build | Farm |
| 16:50 | Build | Farm |
| 16:55 | Create | Militia |
| 17:00 | Create | Militia |
| 17:08 | Build | Farm |
| 17:43 | Create | Villager (Male) |
| 17:47 | Build | Blacksmith |
| 17:50 | Build | Farm |
| 18:02 | Build | Stable |
| 18:07 | Create | Villager (Male) |
| 18:36 | Create | Villager (Male) |
| 18:39 | Create | Militia |
| 19:03 | Create | Militia |
| 19:11 | Research | Castle Age |
| 19:15 | Build | Stable |
| 19:18 | Create | Militia |
| 19:21 | Create | Militia |
| 19:39 | Build | Farm |
| 19:53 | Research | Bloodlines |
| 20:04 | Create | Militia |
| 20:08 | Build | Stable |
| 20:16 | Create | Villager (Male) |
| 20:16 | Create | Villager (Male) |
| 20:44 | Create | Scout Cavalry |
| 20:44 | Create | Scout Cavalry |
| 20:45 | Create | Scout Cavalry |
| 20:46 | Create | Scout Cavalry |
| 21:35 | Build | House |
| 21:46 | Create | Spearman |
| 21:46 | Create | Spearman |
| 21:47 | Create | Spearman |
| 21:47 | Create | Spearman |
| 21:51 | Age | Castle Age |
| 21:54 | Create | Knight |
| 21:55 | Create | Knight |
| 22:12 | Create | Spearman |
| 22:41 | Research | Husbandry |
| 22:54 | Build | Town Center |
| 22:57 | Create | Villager (Male) |
| 22:57 | Create | Villager (Male) |
| 23:50 | Create | Villager (Male) |
| 23:50 | Create | Villager (Male) |
| 24:08 | Create | Villager (Male) |
| 24:09 | Create | Villager (Male) |
| 24:12 | Create | Villager (Male) |
| 24:21 | Research | Light Cavalry (upgrade) |
| 24:42 | Create | Villager (Male) |
| 25:03 | Create | Knight |
| 25:04 | Create | Knight |
| 26:04 | Create | Knight |
| 26:08 | Create | Knight |
| 26:11 | Create | Villager (Male) |
| 26:57 | Create | Knight |
| 27:00 | Build | Stable |
| 27:03 | Create | Villager (Male) |
| 27:11 | Build | Castle |
| 27:33 | Create | Knight |
| 27:47 | Create | Knight |
| 28:02 | Create | Huskarl |
| 28:02 | Create | Huskarl |
| 28:33 | Build | Farm |
| 28:34 | Build | Farm |
| 28:34 | Build | Farm |
| 28:55 | Create | Villager (Male) |
| 28:55 | Create | Villager (Male) |
| 28:56 | Create | Villager (Male) |
| 28:56 | Create | Villager (Male) |
| 28:57 | Build | Farm |
| 29:23 | Build | Farm |
Build order — WalterWhite
First 150 of 443 actions detected
| 0:01 | Create | Villager (Male) |
| 0:01 | Create | Villager (Male) |
| 0:02 | Create | Villager (Male) |
| 0:03 | Build | House |
| 0:04 | Build | House |
| 0:07 | Create | Villager (Male) |
| 0:07 | Create | Villager (Male) |
| 1:36 | Create | Villager (Male) |
| 1:36 | Create | Villager (Male) |
| 1:46 | Create | Villager (Male) |
| 1:53 | Build | Lumber Camp |
| 2:20 | Create | Villager (Male) |
| 2:20 | Create | Villager (Male) |
| 2:58 | Create | Villager (Male) |
| 2:58 | Create | Villager (Male) |
| 3:11 | Create | Villager (Male) |
| 3:27 | Create | Villager (Male) |
| 3:31 | Build | House |
| 3:57 | Create | Villager (Male) |
| 3:57 | Create | Villager (Male) |
| 4:03 | Create | Villager (Male) |
| 4:06 | Build | House |
| 5:01 | Build | Mill |
| 5:02 | Create | Villager (Male) |
| 5:03 | Create | Villager (Male) |
| 5:03 | Create | Villager (Male) |
| 5:05 | Create | Villager (Male) |
| 5:05 | Create | Villager (Male) |
| 5:05 | Create | Villager (Male) |
| 5:53 | Research | Loom |
| 6:50 | Research | Feudal Age |
| 7:21 | Build | Mining Camp |
| 8:14 | Build | Barracks |
| 8:45 | Create | Villager (Male) |
| 8:45 | Create | Villager (Male) |
| 9:00 | Age | Feudal Age |
| 9:09 | Create | Villager (Male) |
| 9:15 | Build | Archery Range |
| 9:45 | Create | Villager (Male) |
| 9:58 | Create | Spearman |
| 10:15 | Build | Blacksmith |
| 10:16 | Create | Archer |
| 10:16 | Create | Archer |
| 10:27 | Build | House |
| 10:34 | Create | Villager (Male) |
| 11:02 | Build | House |
| 11:10 | Build | House |
| 11:12 | Research | Fletching |
| 11:36 | Create | Archer |
| 11:36 | Create | Archer |
| 11:36 | Create | Villager (Male) |
| 11:37 | Create | Villager (Male) |
| 11:37 | Create | Villager (Male) |
| 11:42 | Build | House |
| 12:08 | Build | Farm |
| 12:17 | Create | Archer |
| 12:17 | Create | Villager (Male) |
| 12:18 | Create | Villager (Male) |
| 12:32 | Build | House |
| 12:40 | Create | Archer |
| 12:40 | Create | Villager (Male) |
| 12:40 | Create | Villager (Male) |
| 12:43 | Build | House |
| 13:23 | Build | Archery Range |
| 13:40 | Create | Archer |
| 13:41 | Create | Villager (Male) |
| 13:41 | Create | Villager (Male) |
| 13:43 | Build | Farm |
| 13:52 | Create | Archer |
| 13:52 | Create | Villager (Male) |
| 13:53 | Create | Villager (Male) |
| 14:01 | Build | Farm |
| 14:30 | Create | Archer |
| 14:30 | Create | Archer |
| 14:30 | Create | Villager (Male) |
| 14:31 | Create | Villager (Male) |
| 14:32 | Build | Farm |
| 14:48 | Build | Farm |
| 14:50 | Create | Villager (Male) |
| 14:52 | Build | House |
| 14:54 | Create | Archer |
| 14:54 | Create | Archer |
| 15:09 | Build | Farm |
| 15:35 | Create | Archer |
| 15:35 | Create | Archer |
| 15:37 | Create | Villager (Male) |
| 15:37 | Create | Villager (Male) |
| 15:39 | Build | House |
| 15:59 | Create | Archer |
| 16:11 | Build | House |
| 16:25 | Create | Villager (Male) |
| 16:28 | Build | Farm |
| 16:32 | Build | Farm |
| 16:37 | Create | Archer |
| 16:37 | Create | Archer |
| 16:45 | Build | House |
| 16:48 | Create | Archer |
| 16:49 | Create | Archer |
| 16:49 | Create | Villager (Male) |
| 16:50 | Create | Villager (Male) |
| 16:52 | Build | Farm |
| 17:05 | Build | Farm |
| 17:13 | Create | Archer |
| 17:13 | Create | Archer |
| 17:22 | Build | House |
| 17:47 | Create | Villager (Male) |
| 17:50 | Build | Farm |
| 18:14 | Build | Palisade Gate |
| 18:17 | Create | Archer |
| 18:18 | Create | Archer |
| 18:18 | Create | Archer |
| 18:19 | Create | Villager (Male) |
| 18:22 | Build | Farm |
| 18:26 | Build | Farm |
| 18:51 | Build | Farm |
| 18:56 | Create | Villager (Male) |
| 19:15 | Build | Farm |
| 19:19 | Create | Archer |
| 19:19 | Create | Archer |
| 19:19 | Create | Villager (Male) |
| 19:27 | Build | Farm |
| 19:48 | Create | Villager (Male) |
| 20:04 | Build | Market |
| 20:14 | Create | Villager (Male) |
| 20:17 | Create | Archer |
| 20:18 | Create | Archer |
| 20:40 | Research | Castle Age |
| 20:46 | Create | Archer |
| 21:52 | Research | Padded Archer Armor |
| 21:53 | Create | Archer |
| 21:53 | Create | Archer |
| 22:01 | Create | Villager (Male) |
| 22:02 | Create | Villager (Male) |
| 22:02 | Create | Villager (Male) |
| 22:02 | Create | Villager (Male) |
| 22:09 | Build | Lumber Camp |
| 22:22 | Create | Archer |
| 22:22 | Create | Archer |
| 22:46 | Research | Double-Bit Axe |
| 22:46 | Research | Horse Collar |
| 22:46 | Research | Horse Collar |
| 22:48 | Research | Gold Mining |
| 22:48 | Research | Gold Mining |
| 23:20 | Age | Castle Age |
| 23:23 | Research | Crossbowman (upgrade) |
| 23:24 | Research | Crossbowman (upgrade) |
| 23:25 | Research | Bodkin Arrow |
| 23:25 | Research | Bodkin Arrow |
| 23:30 | Build | Town Center |
| 23:37 | Build | Town Center |
Build order — lobo
First 150 of 206 actions detected
| 0:14 | Create | Villager (Male) |
| 0:15 | Build | House |
| 0:17 | Build | House |
| 0:43 | Create | Villager (Male) |
| 0:44 | Create | Villager (Male) |
| 1:18 | Create | Villager (Male) |
| 1:56 | Create | Villager (Male) |
| 1:56 | Create | Villager (Male) |
| 2:13 | Build | Lumber Camp |
| 2:33 | Create | Villager (Male) |
| 2:56 | Build | House |
| 3:39 | Create | Villager (Male) |
| 3:40 | Create | Villager (Male) |
| 3:40 | Create | Villager (Male) |
| 4:43 | Create | Villager (Male) |
| 4:44 | Create | Villager (Male) |
| 5:32 | Build | Mill |
| 5:36 | Create | Villager (Male) |
| 6:11 | Research | Loom |
| 6:14 | Create | Villager (Male) |
| 6:24 | Build | House |
| 6:40 | Build | Palisade Wall |
| 6:48 | Create | Villager (Male) |
| 7:20 | Research | Feudal Age |
| 7:20 | Research | Feudal Age |
| 7:20 | Research | Feudal Age |
| 8:16 | Build | Palisade Wall |
| 8:17 | Build | Palisade Wall |
| 9:20 | Build | Barracks |
| 9:31 | Age | Feudal Age |
| 9:49 | Create | Villager (Male) |
| 10:04 | Create | Villager (Male) |
| 10:19 | Build | Stone Wall |
| 10:31 | Build | Stone Wall |
| 10:51 | Build | Gate |
| 10:56 | Create | Villager (Male) |
| 11:39 | Create | Villager (Male) |
| 11:42 | Create | Villager (Male) |
| 11:47 | Build | Mining Camp |
| 11:52 | Build | Mining Camp |
| 11:55 | Create | Villager (Male) |
| 12:27 | Create | Villager (Male) |
| 12:32 | Build | Blacksmith |
| 12:36 | Create | Villager (Male) |
| 13:02 | Build | Stone Wall |
| 13:10 | Build | Stone Wall |
| 13:18 | Create | Villager (Male) |
| 13:23 | Research | Horse Collar |
| 13:23 | Research | Horse Collar |
| 13:55 | Create | Villager (Male) |
| 14:10 | Build | Gate |
| 14:14 | Build | House |
| 14:23 | Build | Gate |
| 14:35 | Build | Gate |
| 14:38 | Build | Stone Wall |
| 14:54 | Create | Villager (Male) |
| 14:57 | Build | Farm |
| 15:05 | Create | Villager (Male) |
| 15:06 | Research | Double-Bit Axe |
| 15:38 | Build | House |
| 15:42 | Create | Villager (Male) |
| 15:45 | Build | Farm |
| 15:49 | Build | Farm |
| 15:52 | Build | Farm |
| 16:01 | Build | Watch Tower |
| 16:09 | Build | Palisade Wall |
| 16:14 | Create | Villager (Male) |
| 16:17 | Build | House |
| 16:27 | Build | Palisade Wall |
| 16:36 | Create | Villager (Male) |
| 17:24 | Build | Palisade Wall |
| 17:29 | Research | Fletching |
| 18:22 | Build | Farm |
| 18:28 | Build | House |
| 18:32 | Build | House |
| 18:45 | Build | Market |
| 19:12 | Build | Market |
| 19:31 | Create | Villager (Male) |
| 19:31 | Create | Villager (Male) |
| 20:14 | Research | Castle Age |
| 20:14 | Research | Castle Age |
| 20:49 | Build | Farm |
| 20:53 | Build | Farm |
| 20:56 | Build | Farm |
| 21:33 | Create | Villager (Male) |
| 21:59 | Create | Villager (Male) |
| 22:21 | Create | Villager (Male) |
| 22:28 | Build | Farm |
| 23:01 | Age | Castle Age |
| 23:08 | Build | Castle |
| 23:25 | Create | Villager (Male) |
| 23:32 | Build | Farm |
| 23:56 | Create | Villager (Male) |
| 24:00 | Build | Farm |
| 24:14 | Create | Villager (Male) |
| 24:29 | Create | Unit 1908 |
| 24:39 | Build | House |
| 24:41 | Build | Palisade Wall |
| 24:47 | Create | Unit 1908 |
| 25:18 | Research | Forging |
| 25:19 | Create | Villager (Male) |
| 25:41 | Build | Farm |
| 25:46 | Create | Unit 1908 |
| 25:48 | Create | Villager (Male) |
| 26:36 | Create | Unit 1908 |
| 26:45 | Create | Villager (Male) |
| 26:47 | Create | Villager (Male) |
| 27:06 | Create | Unit 1908 |
| 27:16 | Build | Mill |
| 27:17 | Build | Farm |
| 27:18 | Build | Farm |
| 27:18 | Build | Farm |
| 27:18 | Build | Farm |
| 27:19 | Build | Farm |
| 27:19 | Build | Farm |
| 27:21 | Build | Farm |
| 27:24 | Create | Villager (Male) |
| 27:39 | Create | Unit 1908 |
| 27:39 | Create | Unit 1908 |
| 28:03 | Build | Castle |
| 28:10 | Create | Unit 1908 |
| 28:16 | Build | Farm |
| 28:25 | Create | Villager (Male) |
| 29:15 | Create | Villager (Male) |
| 29:52 | Create | Villager (Male) |
| 29:52 | Create | Villager (Male) |
| 29:56 | Research | Scale Barding Armor |
| 29:58 | Create | Villager (Male) |
| 30:02 | Build | Stable |
| 30:11 | Create | Villager (Male) |
| 30:20 | Create | Unit 1908 |
| 30:20 | Create | Unit 1908 |
| 30:56 | Research | Bloodlines |
| 31:00 | Create | Unit 1908 |
| 31:00 | Create | Unit 1908 |
| 31:06 | Create | Villager (Male) |
| 31:23 | Build | Town Center |
| 31:29 | Create | Villager (Male) |
| 31:31 | Research | Chain Barding Armor |
| 31:48 | Research | Town Watch |
| 31:59 | Create | Villager (Male) |
| 32:03 | Create | Villager (Male) |
| 32:30 | Create | Villager (Male) |
| 32:38 | Build | Farm |
| 32:42 | Build | Farm |
| 32:46 | Build | Farm |
| 32:48 | Create | Villager (Male) |
| 32:48 | Create | Villager (Male) |
| 32:51 | Build | Farm |
| 32:55 | Build | Farm |
Build order — Visbot2187
First 150 of 255 actions detected
| 0:01 | Create | Villager (Male) |
| 0:01 | Create | Villager (Male) |
| 0:01 | Create | Villager (Male) |
| 0:02 | Create | Villager (Male) |
| 0:02 | Create | Villager (Male) |
| 0:03 | Build | House |
| 0:05 | Build | House |
| 1:38 | Create | Villager (Male) |
| 1:38 | Create | Villager (Male) |
| 2:03 | Create | Villager (Male) |
| 2:23 | Create | Villager (Male) |
| 2:24 | Create | Villager (Male) |
| 2:26 | Build | Lumber Camp |
| 3:05 | Create | Villager (Male) |
| 3:05 | Create | Villager (Male) |
| 3:05 | Create | Villager (Male) |
| 3:55 | Create | Villager (Male) |
| 3:55 | Create | Villager (Male) |
| 4:04 | Create | Villager (Male) |
| 4:29 | Create | Villager (Male) |
| 4:34 | Build | Mill |
| 5:18 | Build | House |
| 5:23 | Research | Loom |
| 5:23 | Create | Villager (Male) |
| 5:59 | Build | Mill |
| 6:29 | Create | Villager (Male) |
| 6:30 | Create | Villager (Male) |
| 7:20 | Create | Villager (Male) |
| 7:40 | Research | Feudal Age |
| 8:29 | Build | Barracks |
| 8:53 | Build | Barracks |
| 9:08 | Create | Villager (Male) |
| 9:19 | Build | House |
| 9:55 | Age | Feudal Age |
| 10:04 | Build | Archery Range |
| 10:09 | Build | Archery Range |
| 10:11 | Create | Villager (Male) |
| 10:16 | Build | Mining Camp |
| 10:27 | Research | Double-Bit Axe |
| 10:29 | Research | Horse Collar |
| 10:40 | Create | Villager (Male) |
| 10:56 | Build | Archery Range |
| 11:03 | Create | Archer |
| 11:06 | Create | Villager (Male) |
| 11:35 | Create | Villager (Male) |
| 11:35 | Create | Villager (Male) |
| 11:38 | Create | Archer |
| 11:44 | Build | House |
| 11:46 | Build | House |
| 11:47 | Build | House |
| 11:49 | Build | House |
| 12:31 | Create | Archer |
| 12:32 | Create | Archer |
| 12:38 | Create | Villager (Male) |
| 12:55 | Create | Archer |
| 13:39 | Build | Farm |
| 13:42 | Build | Farm |
| 13:43 | Build | Farm |
| 13:44 | Build | Farm |
| 13:46 | Build | Farm |
| 13:50 | Create | Villager (Male) |
| 13:55 | Create | Archer |
| 13:56 | Create | Archer |
| 14:02 | Build | Farm |
| 14:14 | Create | Villager (Male) |
| 14:45 | Create | Villager (Male) |
| 14:49 | Build | Farm |
| 14:51 | Build | Farm |
| 14:53 | Build | Farm |
| 14:54 | Build | Farm |
| 15:09 | Create | Villager (Male) |
| 15:22 | Create | Spearman |
| 15:27 | Create | Villager (Male) |
| 15:35 | Build | Farm |
| 15:40 | Build | Farm |
| 15:50 | Build | Farm |
| 15:54 | Create | Villager (Male) |
| 15:58 | Build | House |
| 16:00 | Build | House |
| 16:23 | Create | Villager (Male) |
| 16:43 | Create | Villager (Male) |
| 17:29 | Create | Villager (Male) |
| 17:32 | Build | Farm |
| 17:34 | Build | Farm |
| 17:38 | Create | Villager (Male) |
| 17:47 | Build | Blacksmith |
| 17:51 | Create | Villager (Male) |
| 18:27 | Create | Villager (Male) |
| 18:28 | Research | Gold Mining |
| 18:45 | Create | Archer |
| 18:45 | Create | Archer |
| 18:46 | Create | Archer |
| 18:46 | Create | Archer |
| 18:51 | Research | Castle Age |
| 18:57 | Create | Archer |
| 19:00 | Create | Villager (Male) |
| 19:09 | Build | Mining Camp |
| 19:17 | Create | Archer |
| 19:17 | Create | Archer |
| 19:26 | Research | Fletching |
| 19:56 | Create | Archer |
| 19:56 | Create | Archer |
| 20:06 | Build | Lumber Camp |
| 20:13 | Create | Villager (Male) |
| 20:40 | Create | Archer |
| 20:41 | Create | Archer |
| 20:50 | Build | House |
| 20:52 | Build | House |
| 20:55 | Build | House |
| 20:57 | Build | House |
| 21:18 | Create | Villager (Male) |
| 21:24 | Create | Archer |
| 21:25 | Create | Archer |
| 21:49 | Age | Castle Age |
| 21:52 | Research | Bodkin Arrow |
| 21:53 | Research | Crossbowman (upgrade) |
| 21:58 | Create | Archer |
| 22:00 | Create | Villager (Male) |
| 22:10 | Build | Siege Workshop |
| 22:20 | Research | Padded Archer Armor |
| 22:30 | Create | Archer |
| 23:24 | Create | Mangonel |
| 23:24 | Create | Mangonel |
| 23:28 | Create | Archer |
| 23:28 | Create | Archer |
| 23:29 | Create | Archer |
| 23:31 | Create | Villager (Male) |
| 23:32 | Create | Villager (Male) |
| 23:33 | Create | Villager (Male) |
| 23:34 | Research | Gold Shaft Mining |
| 24:01 | Build | Mining Camp |
| 24:03 | Create | Villager (Male) |
| 24:12 | Create | Archer |
| 24:13 | Create | Archer |
| 24:29 | Create | Archer |
| 24:29 | Create | Archer |
| 24:46 | Create | Mangonel |
| 24:48 | Create | Villager (Male) |
| 25:22 | Create | Villager (Male) |
| 25:36 | Build | House |
| 25:52 | Create | Villager (Male) |
| 26:14 | Create | Villager (Male) |
| 26:14 | Create | Villager (Male) |
| 26:16 | Create | Mangonel |
| 26:59 | Create | Archer |
| 27:00 | Create | Archer |
| 27:00 | Create | Archer |
| 27:00 | Create | Archer |
| 27:01 | Create | Villager (Male) |
| 27:06 | Create | Villager (Male) |
Build order — 后入显风格
First 150 of 535 actions detected
| 0:03 | Create | Villager (Male) |
| 0:03 | Create | Villager (Male) |
| 0:03 | Create | Villager (Male) |
| 0:03 | Create | Villager (Male) |
| 0:16 | Build | House |
| 0:40 | Create | Villager (Male) |
| 0:48 | Create | Villager (Male) |
| 0:53 | Build | House |
| 1:31 | Build | House |
| 1:59 | Create | Villager (Male) |
| 2:00 | Create | Villager (Male) |
| 2:11 | Build | Lumber Camp |
| 2:36 | Create | Villager (Male) |
| 2:37 | Create | Villager (Male) |
| 2:37 | Create | Villager (Male) |
| 2:51 | Create | Villager (Male) |
| 2:51 | Create | Villager (Male) |
| 3:31 | Create | Villager (Male) |
| 3:47 | Create | Villager (Male) |
| 3:48 | Create | Villager (Male) |
| 3:48 | Create | Villager (Male) |
| 4:23 | Create | Villager (Male) |
| 4:23 | Create | Villager (Male) |
| 4:26 | Build | Mill |
| 4:42 | Create | Villager (Male) |
| 4:42 | Create | Villager (Male) |
| 5:05 | Create | Villager (Male) |
| 5:06 | Create | Villager (Male) |
| 5:33 | Build | House |
| 5:40 | Create | Villager (Male) |
| 5:41 | Create | Villager (Male) |
| 5:49 | Create | Villager (Male) |
| 5:50 | Create | Villager (Male) |
| 6:11 | Create | Villager (Male) |
| 6:11 | Create | Villager (Male) |
| 6:11 | Create | Villager (Male) |
| 6:33 | Create | Villager (Male) |
| 6:33 | Create | Villager (Male) |
| 7:24 | Build | Palisade Wall |
| 7:27 | Create | Villager (Male) |
| 7:27 | Create | Villager (Male) |
| 7:28 | Create | Villager (Male) |
| 7:28 | Create | Villager (Male) |
| 7:28 | Create | Villager (Male) |
| 7:28 | Create | Villager (Male) |
| 8:43 | Build | Mining Camp |
| 9:03 | Research | Feudal Age |
| 9:41 | Build | Farm |
| 9:45 | Build | Farm |
| 11:17 | Age | Feudal Age |
| 11:20 | Build | Market |
| 11:27 | Build | Blacksmith |
| 11:40 | Build | Farm |
| 12:06 | Build | Farm |
| 12:30 | Research | Castle Age |
| 12:30 | Research | Castle Age |
| 12:36 | Build | House |
| 12:37 | Build | House |
| 13:13 | Research | Double-Bit Axe |
| 14:19 | Research | Horse Collar |
| 14:56 | Create | Villager (Male) |
| 15:00 | Create | Villager (Male) |
| 15:05 | Create | Villager (Male) |
| 15:10 | Age | Castle Age |
| 15:14 | Create | Villager (Male) |
| 15:17 | Build | Town Center |
| 15:29 | Build | Town Center |
| 15:56 | Create | Villager (Male) |
| 16:20 | Build | House |
| 16:21 | Build | House |
| 16:29 | Create | Villager (Male) |
| 16:29 | Create | Villager (Male) |
| 16:50 | Build | Monastery |
| 16:51 | Create | Villager (Male) |
| 16:58 | Build | Farm |
| 17:11 | Create | Villager (Male) |
| 17:19 | Build | Farm |
| 17:21 | Create | Villager (Male) |
| 17:36 | Create | Villager (Male) |
| 17:36 | Create | Villager (Male) |
| 17:37 | Create | Villager (Male) |
| 17:41 | Create | Monk |
| 17:49 | Build | Farm |
| 17:50 | Build | Farm |
| 17:57 | Create | Villager (Male) |
| 17:58 | Create | Villager (Male) |
| 17:58 | Create | Villager (Male) |
| 18:01 | Build | Farm |
| 18:08 | Create | Villager (Male) |
| 18:08 | Create | Villager (Male) |
| 18:08 | Create | Villager (Male) |
| 18:45 | Create | Villager (Male) |
| 18:45 | Create | Villager (Male) |
| 18:45 | Create | Villager (Male) |
| 18:45 | Create | Villager (Male) |
| 18:46 | Create | Villager (Male) |
| 18:59 | Create | Villager (Male) |
| 19:16 | Research | Loom |
| 19:16 | Research | Loom |
| 19:22 | Build | Town Center |
| 19:28 | Create | Villager (Male) |
| 19:29 | Create | Villager (Male) |
| 19:59 | Build | Farm |
| 20:00 | Build | Farm |
| 20:02 | Create | Villager (Male) |
| 20:05 | Build | Farm |
| 20:06 | Build | Farm |
| 20:10 | Build | House |
| 20:14 | Create | Villager (Male) |
| 20:30 | Create | Monk |
| 20:34 | Create | Villager (Male) |
| 20:34 | Create | Villager (Male) |
| 20:35 | Create | Villager (Male) |
| 20:38 | Build | Farm |
| 20:39 | Build | Farm |
| 20:40 | Build | Farm |
| 20:41 | Build | Farm |
| 20:43 | Build | Farm |
| 20:44 | Create | Villager (Male) |
| 20:45 | Create | Villager (Male) |
| 20:50 | Build | Lumber Camp |
| 20:56 | Build | House |
| 21:03 | Create | Villager (Male) |
| 21:08 | Build | Farm |
| 21:13 | Create | Villager (Male) |
| 21:13 | Create | Villager (Male) |
| 21:13 | Create | Villager (Male) |
| 21:23 | Create | Villager (Male) |
| 21:26 | Build | Farm |
| 21:33 | Build | House |
| 21:39 | Create | Villager (Male) |
| 21:45 | Build | Farm |
| 21:49 | Create | Villager (Male) |
| 21:52 | Create | Villager (Male) |
| 21:54 | Create | Villager (Male) |
| 21:59 | Build | Farm |
| 22:06 | Create | Villager (Male) |
| 22:14 | Build | Farm |
| 22:15 | Build | Farm |
| 22:20 | Research | Bow Saw |
| 22:20 | Research | Bow Saw |
| 22:36 | Create | Villager (Male) |
| 22:36 | Create | Villager (Male) |
| 22:37 | Create | Villager (Male) |
| 22:37 | Create | Villager (Male) |
| 22:41 | Build | Farm |
| 22:44 | Build | Farm |
| 22:45 | Build | Farm |
| 22:46 | Build | Farm |
| 22:49 | Create | Villager (Male) |
Build order — Igalima
First 150 of 371 actions detected
| 0:01 | Create | Villager (Male) |
| 0:03 | Build | House |
| 0:23 | Create | Villager (Male) ×3 |
| 1:03 | Build | House |
| 1:22 | Create | Villager (Male) |
| 2:01 | Create | Villager (Male) |
| 2:02 | Create | Villager (Male) |
| 2:12 | Build | Lumber Camp |
| 2:18 | Create | Villager (Male) |
| 3:07 | Create | Villager (Male) |
| 3:07 | Create | Villager (Male) |
| 3:07 | Create | Villager (Male) |
| 3:51 | Create | Villager (Male) |
| 4:00 | Build | House |
| 4:32 | Create | Villager (Male) |
| 4:43 | Create | Villager (Male) |
| 5:07 | Build | Mill |
| 5:11 | Create | Villager (Male) ×5 |
| 5:40 | Build | House |
| 5:41 | Build | House |
| 6:19 | Build | House |
| 6:23 | Build | House |
| 7:23 | Create | Villager (Male) |
| 7:38 | Create | Villager (Male) |
| 8:10 | Create | Villager (Male) |
| 8:12 | Create | Villager (Male) |
| 8:22 | Build | Mining Camp |
| 8:59 | Research | Feudal Age |
| 9:37 | Create | Villager (Male) |
| 9:38 | Create | Villager (Male) |
| 9:39 | Create | Villager (Male) |
| 11:17 | Age | Feudal Age |
| 11:20 | Build | Market |
| 11:22 | Build | Blacksmith |
| 12:20 | Research | Castle Age |
| 12:20 | Research | Castle Age |
| 12:38 | Build | Farm |
| 12:53 | Build | Farm |
| 12:54 | Build | Farm |
| 12:58 | Build | Farm |
| 12:59 | Build | Farm |
| 13:04 | Build | Farm |
| 13:06 | Build | Farm |
| 13:08 | Create | Villager (Male) |
| 13:12 | Research | Double-Bit Axe |
| 14:09 | Research | Horse Collar |
| 14:11 | Build | Farm |
| 14:46 | Create | Villager (Male) |
| 15:09 | Create | Villager (Male) |
| 15:12 | Age | Castle Age |
| 15:16 | Build | Town Center |
| 15:56 | Create | Villager (Male) |
| 16:18 | Create | Villager (Male) |
| 16:38 | Create | Villager (Male) |
| 16:38 | Create | Villager (Male) |
| 16:41 | Create | Villager (Male) |
| 16:50 | Build | Monastery |
| 16:57 | Create | Villager (Male) |
| 17:02 | Build | Farm |
| 17:02 | Build | Farm |
| 17:10 | Build | Farm |
| 17:11 | Build | Farm |
| 17:17 | Build | Farm |
| 17:25 | Create | Villager (Male) |
| 17:26 | Create | Villager (Male) |
| 17:37 | Create | Monk |
| 17:39 | Build | Farm |
| 17:43 | Build | Farm |
| 17:46 | Build | Farm |
| 17:47 | Create | Villager (Male) |
| 17:56 | Build | Town Center |
| 18:01 | Create | Villager (Male) |
| 18:01 | Create | Villager (Male) |
| 18:14 | Create | Villager (Male) |
| 18:20 | Build | Farm |
| 18:22 | Build | Farm |
| 18:25 | Build | Farm |
| 18:26 | Build | Farm |
| 18:28 | Build | Farm |
| 18:31 | Create | Villager (Male) |
| 18:55 | Create | Villager (Male) |
| 18:55 | Create | Villager (Male) |
| 19:07 | Build | House |
| 19:08 | Build | House |
| 19:14 | Create | Villager (Male) |
| 19:17 | Create | Villager (Male) |
| 19:41 | Build | Outpost |
| 19:49 | Create | Villager (Male) |
| 19:49 | Create | Villager (Male) |
| 19:52 | Create | Villager (Male) |
| 19:53 | Create | Villager (Male) |
| 19:53 | Create | Villager (Male) |
| 19:55 | Build | Farm |
| 19:56 | Build | Farm |
| 19:59 | Build | Farm |
| 20:00 | Build | Farm |
| 20:12 | Build | House |
| 20:13 | Build | House |
| 20:13 | Build | House |
| 20:14 | Build | House |
| 20:27 | Create | Villager (Male) |
| 20:27 | Create | Villager (Male) |
| 20:36 | Create | Villager (Male) |
| 20:44 | Research | Wheelbarrow |
| 20:44 | Create | Villager (Male) |
| 20:47 | Create | Villager (Male) |
| 21:08 | Create | Villager (Male) |
| 21:12 | Build | Farm |
| 21:14 | Build | Mill |
| 21:15 | Build | Farm |
| 21:16 | Build | Farm |
| 21:17 | Build | Farm |
| 21:18 | Build | Farm |
| 21:19 | Build | Farm |
| 21:20 | Build | Farm |
| 21:25 | Create | Villager (Male) |
| 21:38 | Create | Villager (Male) |
| 21:45 | Build | Farm |
| 21:51 | Create | Villager (Male) |
| 22:10 | Create | Villager (Male) |
| 22:16 | Build | Town Center |
| 22:20 | Create | Villager (Male) |
| 22:21 | Create | Villager (Male) |
| 22:31 | Build | House |
| 22:33 | Build | House |
| 22:37 | Build | House |
| 22:38 | Build | House |
| 22:40 | Build | House |
| 22:41 | Create | Villager (Male) |
| 22:42 | Create | Villager (Male) |
| 22:42 | Create | Villager (Male) |
| 22:43 | Create | Villager (Male) |
| 22:52 | Build | Farm |
| 22:55 | Create | Villager (Male) |
| 22:56 | Create | Villager (Male) |
| 23:03 | Build | Lumber Camp |
| 23:18 | Build | Farm |
| 23:22 | Build | Farm |
| 23:25 | Build | Town Center |
| 23:29 | Create | Villager (Male) |
| 23:45 | Create | Villager (Male) |
| 23:45 | Create | Villager (Male) |
| 23:46 | Create | Villager (Male) |
| 23:46 | Create | Villager (Male) |
| 23:47 | Create | Villager (Male) |
| 23:47 | Create | Villager (Male) |
| 23:47 | Create | Villager (Male) |
| 23:48 | Create | Villager (Male) |
| 23:48 | Create | Villager (Male) |
| 23:50 | Create | Villager (Male) |
Match timeline
| 5:31 | Basara · wall_segment Palisade Wall x6 |
| 5:37 | Basara · wall_segment Palisade Wall x3 |
| 6:09 | Basara · first_building Barracks |
| 6:40 | lobo · wall_segment Palisade Wall x10 |
| 6:50 | Basara · wall_segment Palisade Wall x10 |
| 7:24 | 后入显风格 · wall_segment Palisade Wall x10 |
| 7:35 | Big Lez · first_building Barracks |
| 8:14 | WalterWhite · first_building Barracks |
| 8:16 | lobo · wall_segment Palisade Wall x11 |
| 8:17 | lobo · wall_segment Palisade Wall x11 |
| 8:25 | JessePinkman · first_building Barracks |
| 8:29 | Visbot2187 · first_building Barracks |
| 9:00 | WalterWhite · age_up feudal |
| 9:15 | WalterWhite · first_building Archery Range |
| 9:20 | lobo · first_building Barracks |
| 9:27 | JessePinkman · age_up feudal |
| 9:31 | JessePinkman · first_building Stable |
| 9:31 | lobo · age_up feudal |
| 9:55 | Visbot2187 · age_up feudal |
| 10:04 | Visbot2187 · first_building Archery Range |
| 10:19 | lobo · wall_segment Stone Wall x10 |
| 10:31 | lobo · wall_segment Stone Wall x10 |
| 11:10 | Big Lez · age_up feudal |
| 11:17 | 后入显风格 · age_up feudal |
| 11:17 | Igalima · age_up feudal |
| 12:50 | Basara · age_up feudal |
| 12:58 | Basara · first_building Archery Range |
| 13:02 | lobo · wall_segment Stone Wall x1 |
| 13:10 | lobo · wall_segment Stone Wall x2 |
| 14:38 | lobo · wall_segment Stone Wall x1 |
| 15:10 | 后入显风格 · age_up castle |
| 15:12 | Igalima · age_up castle |
| 15:42 | Big Lez · first_building Archery Range |
| 16:09 | lobo · wall_segment Palisade Wall x1 |
| 16:27 | lobo · wall_segment Palisade Wall x8 |
| 16:50 | Igalima · first_building Monastery |
| 16:50 | 后入显风格 · first_building Monastery |
| 17:17 | 后入显风格 · first_market_buy 100 food |
| 17:24 | lobo · wall_segment Palisade Wall x1 |
| 18:02 | Big Lez · first_building Stable |
| 19:18 | JessePinkman · age_up castle |
| 19:25 | Basara · age_up castle |
| 19:47 | lobo · first_market_buy 100 food |
| 19:50 | lobo · first_market_sell 100 wood |
| 21:31 | Basara · first_building Siege Workshop |
| 21:49 | Visbot2187 · age_up castle |
| 21:51 | Big Lez · age_up castle |
| 22:10 | Visbot2187 · first_building Siege Workshop |
| 23:01 | lobo · age_up castle |
| 23:08 | lobo · first_building Castle |
| 23:20 | WalterWhite · age_up castle |
| 23:49 | 后入显风格 · wall_segment Stone Wall x4 |
| 24:37 | 后入显风格 · wall_segment Stone Wall x1 |
| 24:41 | lobo · wall_segment Palisade Wall x1 |
| 26:41 | Igalima · first_building Barracks |
| 26:44 | JessePinkman · first_market_buy 100 food |
| 27:11 | Big Lez · first_building Castle |
| 27:18 | 后入显风格 · first_building Barracks |
| 27:43 | 后入显风格 · first_building Castle |
| 27:59 | Igalima · first_building Castle |
| 29:01 | Igalima · age_up imperial |
| 29:30 | Visbot2187 · first_building Castle |
| 30:02 | lobo · first_building Stable |
| 30:13 | WalterWhite · first_building Castle |
| 31:31 | 后入显风格 · age_up imperial |
| 31:53 | JessePinkman · first_building Monastery |
| 32:02 | Visbot2187 · wall_segment Stone Wall x33 |
| 32:24 | WalterWhite · first_market_sell 100 stone |
| 32:29 | WalterWhite · first_market_buy 100 food |
| 32:51 | Igalima · first_building Siege Workshop |
| 33:34 | WalterWhite · first_building Siege Workshop |
| 33:52 | JessePinkman · first_building Castle |
| 35:00 | JessePinkman · first_building Siege Workshop |
| 35:26 | Basara · first_market_sell 500 wood |
| 35:49 | WalterWhite · age_up imperial |
| 35:57 | JessePinkman · age_up imperial |
| 36:31 | JessePinkman · first_market_sell 100 food |
| 36:48 | Igalima · first_building Stable |
| 37:37 | Visbot2187 · age_up imperial |
| 39:34 | lobo · age_up imperial |
| 39:55 | lobo · resign |
[ AI ANALYSIS · 1 CREDIT ]
What really happened in this match?
Wolo.gg analyzes every decision: build order, eco, micro, common mistakes by bracket. Personalized analysis on WhatsApp or Discord in 30 seconds.
Civ guide
Portuguese
Perfil
Jugador #2832696